Map: Lerilak Crest

Players

DraDra - Winner!

  • Race: Protoss Protoss

Nano

  • Race: Terran Terran
  • League: Bronze

VOD

Have the link to the VOD?

Description

Time

  • Played on: Jan. 20, 2016, 12:11 p.m.
  • Length: 14:46
Show
View Real Time Build Order
Export as new Build Order

DraDra Protoss - Winner!

Build Orders: 1 Gate Expand 

Get SALT Encoding   

  12  0:01  Probe (Chrono Boost)  
  13  0:12  Probe (Chrono Boost)  
  14  0:19  Pylon  
  14  0:22  Probe (Chrono Boost)  
  15  0:37  Probe (Chrono Boost)  
  15  0:41  Gateway  
  16  0:48  Probe (Chrono Boost)  
  17  0:52  Assimilator  
  17  0:58  Probe (Chrono Boost)  
  18  1:09  Probe (Chrono Boost)  
  19  1:28  Nexus  
  19  1:34  Cybernetics Core  
  20  1:40  Probe (Chrono Boost)  
  20  1:50  Probe (Chrono Boost)  
  21  1:58  Assimilator  
  21  2:01  Probe (Chrono Boost)  
  22  2:12  Pylon  
  22  2:29  Warp Gate  
  22  2:30  Mothership Core (Chrono Boost), Adept  
  26  2:37  Gateway  
  26  2:43  Pylon  
  26  2:47  Probe (Chrono Boost)  
  26  2:48  Probe (Chrono Boost), Pylon  
  28  2:59  Probe (Chrono Boost)  
  28  3:01  Adept (Chrono Boost)  
  31  3:18  Probe  
  31  3:20  Probe  
  31  3:25  Pylon  
  31  3:26  Stalker (Chrono Boost)  
  35  3:43  Robotics Facility  
  35  3:45  Forge  
  35  3:51  Pylon  
  35  4:03  Pylon  
  35  4:25  Probe  
  35  4:27  Probe  
  37  4:32  Observer  
  37  4:35  Protoss Ground Armor Level 1 (Chrono Boost)  
  38  4:43  Gateway  
  38  4:44  Probe  
  39  4:50  Probe  
  40  4:53  Warp Prism (Chrono Boost)  
  42  5:03  Stalker  
  44  5:18  Probe  
  44  5:19  Probe  
  46  5:26  Immortal (Chrono Boost)  
  46  5:28  Twilight Council  
  50  5:31  Probe  
  50  5:32  Probe  
  50  5:34  Zealot  
  54  5:52  Photon Cannon  
  54  5:54  Photon Cannon  
  54  5:56  Photon Cannon  
  54  6:00  Observer (Chrono Boost)  
  54  6:01  Assimilator  
  54  6:03  Gateway  
  55  6:06  Gateway  
  55  6:08  Sentry x2  
  55  6:09  Gateway  
  59  6:16  Templar Archives, Probe  
  59  6:17  Probe  
  61  6:28  Probe  
  61  6:29  Probe, Assimilator  
  63  6:33  Stalker x2  
  67  6:41  Immortal  
  67  7:24  Zealot x2  
  67  8:01  Probe  
  67  8:02  Probe  
  67  8:07  Psionic Storm  
  67  8:14  Immortal (Chrono Boost)  
  71  8:27  Photon Cannon  
  71  8:30  Photon Cannon  
  71  8:32  Gateway  
  71  8:33  Zealot x4  
  79  8:34  Gateway  
  79  8:35  Pylon  
  79  8:38  Pylon  
  79  8:43  Gateway x2  
  81  8:48  Warp Prism (Chrono Boost)  
  81  8:52  Nexus  
  81  8:53  Pylon  
  81  8:55  Pylon  
  81  8:57  Pylon  
  81  8:59  Probe  
  81  9:00  Probe  
  83  9:10  Probe  
  84  9:24  High Templar x4  
  84  9:26  Nexus  
  84  9:29  Pylon  
  92  9:32  Pylon  
  92  9:34  Pylon  
  92  9:45  Protoss Ground Weapons Level 1 (Chrono Boost)  
  92  9:53  High Templar  
  92  9:54  High Templar  
  96  10:00  Zealot  
  96  10:01  Zealot x3  
  104  10:14  Charge  
  104  10:25  Probe  
  104  10:26  Probe  
  106  10:32  Assimilator  
  106  10:35  Photon Cannon  
  106  10:36  Photon Cannon  
  106  10:38  Stalker  
  106  10:39  Stalker, Gateway x2  
  106  10:42  Photon Cannon  
  110  10:53  Dark Shrine  
  110  10:55  Zealot  
  110  10:56  Zealot x3  
  118  11:02  Probe  
  118  11:03  Probe x2  
  120  11:06  Probe  
  122  11:19  Stalker x3  
  122  11:20  Stalker x2  
  132  11:26  Protoss Ground Armor Level 2 (Chrono Boost)  
  132  11:32  Pylon  
  132  11:43  Zealot x3  
  132  11:44  Zealot x2  
  142  12:07  Dark Templar x2  
  120  12:48  Nexus  
  120  12:50  Pylon  
  120  12:53  Pylon  
  120  12:55  Pylon  
  120  13:03  Zealot x3  
  120  13:04  Zealot x2  
  106  13:20  Zealot x3  
  108  13:40  Zealot x2  
  108  13:41  Zealot x5  
  96  13:42  Zealot  
  84  14:12  Stalker x3  
  84  14:13  Stalker  
  84  14:14  Stalker  
  90  14:30  Stalker x3  
  86  14:40  Stalker  
  86  14:41  Stalker x4  
Show
View Real Time Build Order
Export as new Build Order

Nano Terran 

Build Orders: MMM Bio 

Get SALT Encoding   

  12  0:13  SCV  
  13  0:16  Supply Depot  
  13  0:25  SCV  
  14  0:31  Refinery  
  14  0:37  SCV  
  15  0:45  Barracks  
  15  0:50  SCV  
  16  1:02  SCV  
  17  1:14  SCV  
  18  1:27  Barracks  
  18  1:30  SCV  
  19  1:37  Supply Depot, Marine  
  20  1:43  SCV  
  21  1:49  Engineering Bay  
  21  1:55  SCV  
  21  1:59  Refinery  
  22  2:04  Marine  
  23  2:13  Factory  
  23  2:20  SCV  
  24  2:23  Terran Infantry Armor Level 1  
  24  2:26  Barracks Tech Lab  
  24  2:28  Marine  
  25  2:46  SCV  
  27  2:53  Barracks Reactor  
  27  2:57  Marauder  
  27  2:58  Factory Tech Lab  
  28  3:06  Supply Depot  
  28  3:18  Marine  
  29  3:32  Command Center  
  29  3:35  Marine x2  
  29  3:40  SCV, Supply Depot  
  32  3:47  Marauder  
  34  3:52  Stimpack  
  34  3:59  Marine x2  
  36  4:09  Orbital Command  
  36  4:33  Marine x2  
  36  4:34  Marauder  
  40  4:51  Marine x2  
  42  5:05  Marauder  
  44  5:08  Supply Depot  
  44  5:21  SCV  
  45  5:24  SCV  
  45  5:25  Marine x2  
  48  5:35  Supply Depot, Starport  
  48  5:36  SCV  
  49  5:44  SCV, Marine  
  49  5:45  Marauder, Marine  
  54  5:58  Combat Shields  
  54  6:00  Siege Tank  
  57  6:12  Supply Depot  
  57  6:14  Medivac  
  59  6:21  Marine x2  
  59  6:22  Marauder  
  63  6:37  Siege Tank  
  66  6:49  Marine x2  
  66  6:50  Marauder  
  70  6:58  SCV x2  
  68  7:11  SCV  
  68  7:12  SCV  
  70  7:23  SCV  
  70  7:24  SCV  
  70  7:26  Marine x2  
  70  7:27  Siege Tank, Marauder  
  74  7:42  SCV x2  
  70  7:48  Marine x2  
  70  7:49  Marauder  
  64  7:54  SCV x2  
  64  7:59  Siege Tank  
  67  8:13  Terran Infantry Weapons Level 1, Marine  
  67  8:14  Marine  
  67  8:15  Marauder  
  71  8:26  SCV x2  
  73  8:30  Refinery  
  73  8:34  Marine  
  73  8:35  Marine  
  73  8:37  Siege Tank  
  78  8:41  Medivac  
  80  8:57  Marine x2  
  80  8:58  Marauder  
  84  9:06  Command Center  
  84  9:11  Barracks  
  84  9:14  Barracks  
  84  9:38  Marine x2  
  86  9:42  Supply Depot  
  86  10:02  Barracks Reactor  
  86  10:03  SCV, Marauder, Siege Tank, Medivac  
  94  10:08  Supply Depot  
  94  10:10  Supply Depot  
  94  10:17  SCV, Marine x2  
  97  10:24  Orbital Command  
  97  10:25  SCV, Marauder  
  100  10:34  Medivac  
  105  10:35  Siege Tank  
  105  10:40  Supply Depot  
  105  10:47  Barracks Tech Lab  
  105  11:00  Marine x4  
  105  11:01  Marauder  
  111  11:10  Marauder  
  113  11:12  Refinery  
  113  11:13  Supply Depot  
  113  11:19  Marine x3  
  113  11:20  Marine  
  117  11:28  Marauder  
  119  11:36  Siege Tank, Marine  
  123  11:42  SCV  
  123  11:43  SCV x2  
  123  11:45  Supply Depot  
  121  12:08  SCV x3  
  121  12:13  Supply Depot  
  107  12:24  Marine x4  
  107  12:26  Marauder  
  87  12:31  SCV  
  84  12:45  SCV x3  
  84  12:47  Marine x4  
  84  12:48  Marauder  
  84  12:50  Siege Tank  
  96  12:51  Medivac  
  96  12:57  SCV  
  96  12:58  Supply Depot  
  91  13:11  Marine x3  
  91  13:12  Marauder, Marine  
  93  13:14  Marauder  
  95  13:22  Siege Tank  
  95  13:27  Refinery  
  96  13:28  SCV  
  96  13:29  SCV  
  84  13:36  Marine x4  
  84  13:37  Marauder  
  84  13:38  Marauder  
  55  13:56  Marine x4  
  55  13:59  Marauder  
  55  14:08  Marine  
  43  14:22  Marine  
  43  14:23  Marine x4  
Tags
 
Composition
MMM Bio
League
Bronze
Matchup
PvT
Add a new tag
Caveats
  • Supply blocks, unpowered buildings, or Contaminate may cause inaccurate times.
  • Supply counts are checked every 10 seconds.